 Dungeon Crawl Stone Soup version 0.17-a0-1407-gde22cd8 (webtiles) character file.

1279 Geeful the Insei (level 8, -3/54 HPs)
             Began as an Octopode Transmuter on June 22, 2015.
             Slain by a sky beast (5 damage)
             ... on level 7 of the Dungeon.
             The game lasted 00:35:53 (7872 turns).

Geeful the Insei (Octopode Transmuter)              Turns: 7872, Time: 00:35:53

Health: -3/54      AC:  1    Str: 10    XL:     8   Next: 54%
Magic:  13/14      EV: 18    Int: 15    God:
Gold:   358        SH:  0    Dex: 14    Spells: 2 memorised, 12 levels left

rFire  . . .     SeeInvis .     b - +2 blowgun
rCold  . . .     Clarity  .     (no shield)
rNeg   . . .     SustAt   .     (helmet restricted)
rPois  .         Gourm    .     (no amulet)
rElec  .         Spirit   .     e - +4 ring of evasion
rCorr  .         Warding  .     (no ring)
rMut   .         Stasis   .     (no ring)
MR     .....                    (no ring)
Stlth  ++........               (no ring)
                                (no ring)
                                (no ring)
                                (no ring)

@: about to teleport, appendage, not resistant to hostile enchantments,
unstealthy
A: almost no armour, amphibious, 8 rings, constrict 8, tentacle spike 3,
camouflage 1, gelatinous body 1
a: End Transformation


You were on level 7 of the Dungeon.
You were not hungry.
One of your tentacles had a temporary spike.
You visited 1 branch of the dungeon, and saw 7 of its levels.

You collected 358 gold pieces.

Inventory:

Hand weapons
 b - a +2 blowgun (weapon)
Missiles
 a - 4 arrows
 l - 38 poisoned needles (quivered)
 n - 4 tomahawks
Magical staves
 s - an uncursed staff of power
Jewellery
 e - a +4 ring of evasion (left tentacle)
Magical devices
 j - a wand of magic darts (10)
 r - a wand of fire (4)
Scrolls
 f - 5 scrolls of magic mapping
 k - 3 scrolls of teleportation
 w - 2 scrolls of identify
 x - a scroll of amnesia {unknown}
Potions
 d - a potion of curing
 i - a potion of ambrosia
 o - a potion of agility {unknown}
 q - 2 potions of brilliance
Books
 m - a book of Spatial Translocations

   Spells                             Type                      Level
   a - Apportation                    Translocation                1
   b - Blink                          Translocation                2
   c - Shroud of Golubria             Charms/Translocation         2
   d - Portal Projectile              Translocation                3
   e - Teleport Other                 Translocation                3
   f - Passage of Golubria            Translocation                4
 p - a book of Changes

   Spells                             Type                      Level
   a - Beastly Appendage              Transmutation                1
   b - Sticks to Snakes               Transmutation                2
   c - Spider Form                    Transmutation/Poison         3
   d - Ice Form                       Ice/Transmutation            4
   e - Blade Hands                    Transmutation                5
 u - a book of Summonings

   Spells                             Type                      Level
   a - Recall                         Summoning/Translocation      3
   b - Aura of Abjuration             Summoning                    5
   c - Shadow Creatures               Summoning                    5
   d - Summon Demon                   Summoning                    5
   e - Summon Forest                  Summoning/Translocation      5
   f - Summon Mana Viper              Hexes/Summoning              5
 v - a book of Ice

   Spells                             Type                      Level
   a - Ice Form                       Ice/Transmutation            4
   b - Metabolic Englaciation         Hexes/Ice                    5
   c - Ozocubu's Refrigeration        Ice                          6
   d - Bolt of Cold                   Conjuration/Ice              6
   e - Freezing Cloud                 Conjuration/Ice/Air          6
   f - Simulacrum                     Ice/Necromancy               6
Comestibles
 c - 6 bread rations
 g - 9 fruits
 h - 3 meat rations


   Skills:
 - Level 4.6 Fighting
 - Level 5.0 Dodging
 - Level 5.6 Unarmed Combat
 + Level 4.2 Spellcasting
 + Level 4.4 Transmutations


You had 12 spell levels left.
You knew the following spells:

 Your Spells              Type           Power        Failure   Level  Hunger
a - Beastly Appendage     Trmt           ###...       2%          1    None
b - Sticks to Snakes      Trmt           ###.......   4%          2    ##.....


Dungeon Overview and Level Annotations

Branches:
Dungeon (7/15)
 Temple: D:4-7

Altars:
Ashenzari
Elyvilon
Fedhas
Makhleb
Nemelex Xobeh
Okawaru
Qazlal
Xom

Shops:
D:5 (


Innate Abilities, Weirdness & Mutations

You cannot wear most types of armour.
You are amphibious.
You can wear up to eight rings at the same time.
You can use your tentacles to constrict eight enemies at once.
Your skin changes colour to match your surroundings (Stealth).
Your rubbery body absorbs attacks (AC +1).
One of your tentacles bears a large vicious spike.


Message History

The sky beast hits you. The sky beast shocks you.
* * * LOW HITPOINT WARNING * * *
Casting: Beastly Appendage
Confirm with . or Enter, or press ? or * to list all spells.
One of your tentacles grows a vicious spike.
The sky beast closely misses you.
You tentacle-slap the sky beast.
The sky beast is heavily wounded.
The sky beast completely misses you.
b - a +2 blowgun (weapon)
The sky beast hits you.
* * * LOW HITPOINT WARNING * * *
The sky beast shocks you.
* * * LOW HITPOINT WARNING * * *
Read which item? (? for menu, Esc to quit)
As you read the scroll of teleportation, it crumbles to dust.
You feel strangely unstable. The sky beast hits you.
* * * LOW HITPOINT WARNING * * *
The sky beast shocks you.
You die...

#.......+
#...(...# .
#...##..# .#
#...##+####.#
#....+....?..
#...<#.....
#..###...#
#..###...###+#
#.....@Y......
#.............
##############


You could see a sky beast.

Vanquished Creatures
  An ice beast (D:3)
  A phantom (D:6)
  An eye of draining (D:6)
  2 ogres (D:5)
  A scorpion (D:5)
  2 jellies (D:5)
  3 hounds
  3 crimson imps
  A giant frog skeleton (D:6)
  An iguana (D:6)
  Ijyb (D:2)
  A centaur skeleton (D:5)
  An orc priest (D:4)
  A worker ant (D:5)
  Natasha (thrice) (D:4)
  A worker ant zombie (D:5)
  6 gnolls
  A shadow imp (D:6)
  5 adders
  3 oozes
  4 worms
  An adder zombie (D:6)
  2 giant geckos
  7 orcs
  A bat skeleton (D:5)
  4 giant cockroaches
  15 hobgoblins
  12 jackals
  15 bats
  A giant newt (D:6)
  12 goblins
  A jackal zombie (D:6)
  9 kobolds
  A quokka (D:5)
  12 rats
136 creatures vanquished.

Vanquished Creatures (collateral kills)
  Sigmund (D:3)
  A hound (D:6)
  An adder (D:2)
  A giant cockroach (D:3)
  A rat (D:3)
5 creatures vanquished.

Grand Total: 141 creatures vanquished

Notes
Turn   | Place    | Note
--------------------------------------------------------------
     0 | D:1      | Geeful the Octopode Transmuter began the quest for the Orb.
     0 | D:1      | Reached XP level 1. HP: 13/13 MP: 3/3
   318 | D:1      | Reached XP level 2. HP: 13/18 MP: 5/5
   596 | D:1      | Reached XP level 3. HP: 11/24 MP: 4/6
   947 | D:2      | Noticed Ijyb
   968 | D:2      | Killed Ijyb
   968 | D:2      | Reached XP level 4. HP: 9/29 MP: 7/7
  1470 | D:2      | Learned a level 2 spell: Sticks to Snakes
  2758 | D:3      | Noticed an ice beast
  3124 | D:3      | Reached skill level 4 in Unarmed Combat
  3350 | D:3      | Reached XP level 5. HP: 35/35 MP: 5/8
  3408 | D:3      | Noticed Sigmund
  3425 | D:3      | Killed Sigmund
  3425 | D:3      | Reached XP level 6. HP: 36/42 MP: 1/9
  3638 | D:3      | Killed an ice beast
  3881 | D:4      | Found a white marble altar of Elyvilon.
  3907 | D:4      | Noticed Natasha
  4031 | D:4      | Killed Natasha
  4129 | D:4      | Found a sparkling altar of Nemelex Xobeh.
  4148 | D:4      | Found a shattered altar of Ashenzari.
  4171 | D:4      | Reached skill level 5 in Unarmed Combat
  4688 | D:4      | Noticed Natasha
  4695 | D:4      | Killed Natasha
  4695 | D:4      | Reached XP level 7. HP: 44/48 MP: 8/10
  4960 | D:4      | Noticed Natasha
  4965 | D:4      | Killed Natasha
  4995 | D:5      | Entered Level 5 of the Dungeon
  5796 | D:5      | Found Pont's Weapon Boutique.
  5957 | D:5      | Reached skill level 5 in Dodging
  6567 | D:5      | Reached XP level 8. HP: 52/54 MP: 12/12
  6993 | D:6      | Found a blossoming altar of Fedhas.
  7004 | D:6      | Found a stormy altar of Qazlal.
  7366 | D:6      | Found an iron altar of Okawaru.
  7533 | D:6      | Found a shimmering altar of Xom.
  7536 | D:6      | Found a burning altar of Makhleb.
  7872 | D:7      | HP: 2/54 [sky beast (3)]
  7872 | D:7      | Slain by a sky beast

Vault maps used:
D:1:      lemuel_arrival_behind_the_door_large, minmay_misc_feat_five
D:2:      minmay_cupped, uniq_iyjb
D:3:      serial_bayou, serial_bayou_pond_b, serial_bayou_pond_e,
          serial_bayou_lake_a, serial_bayou_pond_b, serial_bayou_pond_b,
          uniq_sigmund
D:4:      kennysheep_little_box, elyvilon_altar_5, nemelex_deck, first_bread,
          uniq_natasha
D:5:      serial_shops, kennysheep_mini_moat, corexii_hall_statues_i
D:6:      grunt_temple_overflow_forces_of_nature,
          grunt_temple_overflow_champion_of_chaos, okawaru_ov_weapons_minmay
D:7:      minmay_temple_entry_statues_pillars, basic_altar,
          nicolae_ossuary_entry_plus

Action                   |  1- 3 |  4- 6 |  7- 9 || total
-------------------------+-------+-------+-------++-------
Melee: Unarmed           |    62 |   136 |   161 ||   359
 Fire: Blowgun           |       |       |    34 ||    34
Throw: Tomahawk          |       |     5 |       ||     5
 Cast: Beastly Appendage |     8 |    15 |    24 ||    47
       Sticks to Snakes  |       |     8 |       ||     8
Evoke: Wand              |       |     9 |     1 ||    10
  Use: Potion            |       |     6 |     4 ||    10
       Scroll            |       |     7 |    10 ||    17
 Stab: Sleeping          |     2 |     5 |     5 ||    12
       Distracted        |       |     1 |     1 ||     2
  Eat: Chunk             |       |    14 |     3 ||    17
       Meat ration       |       |       |     2 ||     2
